 Dungeon Crawl Stone Soup version 0.29.1-1-gd02db6906a (webtiles) character file.

Game seed: 1945610065218255849

4319 H0rd4k the Martial Artist (level 10, -3/63 HPs)
             Began as an Octopode Transmuter on Oct 20, 2022.
             Was an Initiate of Gozag.
             Slain by a deep troll (9 damage)
             ... on level 8 of the Dungeon.
             The game lasted 00:18:39 (13688 turns).

H0rd4k the Martial Artist (Octopode Transmuter)    Turns: 13688, Time: 00:18:41

Health: -3/63      AC:  1    Str:  8    XL:     10   Next: 33%
Magic:  14/19      EV: 14    Int: 25    God:    Gozag
Gold:   1166       SH:  0    Dex: 13    Spells: 12/21 levels left

rFire   . . .      SeeInvis .     - Unarmed
rCold   . . .      Faith    .   (shield currently unavailable)
rNeg    . . .      Spirit   .   (helmet restricted)
rPois   .          Reflect  .   t - amulet of regeneration
rElec   .          Harm     .   g - +6 ring of intelligence
rCorr   +          Rampage  .   o - ring of resist corrosion
Will    .....      Clarity  +   (no ring)
Stlth   ++++......              (no ring)
HPRegen 1.00/turn               (no ring)
MPRegen 0.16/turn               (no ring)
                                (no ring)
                                (no ring)

@: blade tentacles (expiring)
A: almost no armour, amphibious, 8 rings, camouflage 1, gelatinous body 1,
(nimble swimmer 1), tentacles, clarity, weak 1
a: End Transformation, Renounce Religion, Potion Petition, Call Merchant, Bribe
Branch


You were on level 8 of the Dungeon.
You worshipped Gozag.
Gozag was most pleased with you.
You had blades for main tentacles.
You visited 2 branches of the dungeon, and saw 9 of its levels.
You also visited: Ossuary.

You collected 1249 gold pieces.
You paid 83 gold pieces to Gozag.

Inventory:

Hand Weapons
 d - a +4 falchion
Jewellery
 g - a +6 ring of intelligence (left blade tentacle)
 o - a ring of resist corrosion (right blade tentacle)
 t - an amulet of regeneration (around mantle)
Wands
 r - a wand of polymorph (9)
 x - a wand of paralysis (10)
Scrolls
 f - 6 scrolls of identify {unknown}
 h - a scroll of amnesia
 j - a scroll of magic mapping
 k - 2 scrolls of immolation
 l - 2 scrolls of torment
 m - 4 scrolls of teleportation
 n - 4 scrolls of enchant armour
 p - 2 scrolls of blinking {unknown}
 q - a scroll of brand weapon
 w - a scroll of vulnerability {unknown}
 y - a scroll of fear
Potions
 a - a potion of lignification
 b - 2 potions of ambrosia {unknown}
 c - 3 potions of flight {unknown}
 e - 2 potions of mutation
 i - a potion of magic
 s - 2 potions of brilliance
 u - a potion of invisibility {unknown}
 v - a potion of resistance {unknown}
 z - 2 potions of might
 A - 3 potions of haste {unknown}
 B - a potion of heal wounds
 C - a potion of attraction {unknown}


   Skills:
 + Level 3.0 Fighting
 + Level 4.9 Dodging
 + Level 7.1 Stealth
 + Level 8.9 Unarmed Combat
 * Level 6.1 Spellcasting
 * Level 6.4 Transmutations
 + Level 4.1 Poison Magic


You had 12 spell levels left.
You knew the following spells:

 Your Spells              Type           Power      Damage    Failure   Level
a - Beastly Appendage     Tmut           78%        N/A       12%         1
b - Spider Form           Tmut/Pois      34%        N/A       24%         3
c - Blade Hands           Tmut           19%        N/A       54%         5

Your spell library contained the following spells:

 Spells                   Type           Power      Damage    Failure   Level
 Wereblood                Tmut           39%        N/A       14%         2
 Ignite Poison            Fire/Tmut/Pois 25%        N/A       34%         3
 Magic Dart               Conj           28%        1d4       41%         1
 Call Imp                 Summ           7%         N/A       47%         2
 Ensorcelled Hibernation  Hex/Ice        14%        N/A       47%         2
 Static Discharge         Conj/Air       7%         3-4/arc   47%         2
 Sublimation of Blood     Necr           7%         N/A       47%         2
 Mephitic Cloud           Conj/Pois/Air  14%        N/A       50%         3
 Ice Form                 Ice/Tmut       23%        N/A       63%         4
 Petrify                  Tmut/Erth      23%        N/A       63%         4
 Conjure Flame            Conj/Fire      7%         6-21      65%         3
 Irradiate                Conj/Tmut      11%        3d15      87%         5
 Yara's Violent Unravell  Hex/Tmut       11%        3d6       87%         5
 Anguish                  Hex/Necr       3%         N/A       91%         4
 Dispel Undead            Necr           7%         3d8       91%         4
 Leda's Liquefaction      Hex/Erth       3%         N/A       91%         4
 Sticky Flame             Conj/Fire      7%         2d3       91%         4
 Freezing Cloud           Conj/Ice/Air   3%         6-21      99%         5
 Lee's Rapid Deconstruct  Erth           3%         3d6*      99%         5
 Silence                  Hex/Air        3%         N/A       99%         5
 Statue Form              Tmut/Erth      15%        N/A       100%        6
 Dragon Form              Tmut           19%        N/A       100%        7
 Ozocubu's Refrigeration  Ice            3%         4d8       100%        7
 Polar Vortex             Ice            3%         N/A       100%        9
 Simulacrum               Ice/Necr       Unusable   N/A       N/A         6

Dungeon Overview and Level Annotations

Branches:
Dungeon (8/15)             Temple (1/1) D:5         Ossuary (visited)
   Lair: D:8-11

Altars:
Ashenzari
Cheibriados
Dithmenos
Elyvilon
Fedhas
Gozag
Hepliaklqana
Kikubaaqudgha
Nemelex Xobeh
Okawaru
Qazlal
Ru
Sif Muna
Trog
Uskayaw
Vehumet
Wu Jian
Xom
Yredelemnul
Zin
The Shining One

Shops:
D:7 :

Annotations:
D:4 1 exclusion
D:5 exclusion: 2 downstairs
D:6 exclusion: ogre


Innate Abilities, Weirdness & Mutations

You have blades for main tentacles.
Your spellcasting is less reliable in this form.
You are incapable of wielding weapons or throwing items.
You cannot wear most types of armour.
You are amphibious.
You can wear up to eight rings at the same time.
Your skin changes colour to match your surroundings (Stealth+).
Your rubbery body absorbs attacks. (AC +1, EV +1)
((You are camouflaged when in or above water. (Stealth+)))
You have tentacles for arms and can constrict up to eight enemies at once.
You possess an exceptional clarity of mind.
You are weak. (Str -2)


Message History

No target in view!
The orc barely misses you.
You tentacle-slap the orc but do no damage.
Your grab misses the orc. You tentacle-slap the orc.
The orc is severely wounded.
The orc barely misses you.
You tentacle-slap the orc.
You kill the orc!
No target in view!
No target in view!
You now have 1166 gold pieces (gained 5).
Things that are here:
a +0 club; a +0 leather armour 2 deep trolls come into view.
There are monsters nearby!
Unknown command.
Unknown command. 2 deep trolls come into view.
The deep troll shouts!
You hear a shout!
The deep troll shouts!
Press: ? - help, v - describe, . - travel
Here: a deep troll The floor.
There is a stone staircase leading down here.
Casting: Spider Form (dangerous; 2% risk of failure)
Confirm with . or Enter, or press ? or * to list all spells.
The spell is quite dangerous to miscast (14% risk of failure)!
Continue anyway?
Your main tentacles turn into razor-sharp scythe blades.
Your transformation is almost over.
You slash the deep troll! You slash the deep troll.
The deep troll is moderately wounded.
The deep troll bites you! The deep troll closely misses you. x2
You hit the deep troll but do no damage.
You slash the deep troll! You squeeze the deep troll.
The deep troll is heavily wounded.
The deep troll bites you!! The deep troll claws you!!
* * * LOW HITPOINT WARNING * * *
The deep troll claws you!
You die...
Your body crumbles into a pile of gold.

.##.##.....##...####>##..........
.##........#.....###.##..........
#####.............##....#.....[..
# ##..#..............#.#........
####...###.#.........##..........
..#....# ####..>........##.......
.......###.#...........##........
..#.##<.#........................
.#####..........@T........>......
.####............#...........##..
...##..........###...........##..
.#........................#......
###..#...#####......##...###.....
.##.##...# #.......#...........
###..###.# #.............###... ♣
##.#.#.#####.............###.#.
♣♣#.......#.###.........##..#..#.


You could see a deep troll.

Vanquished Creatures
  Pikel (D:4)
  A hornet (D:8)
  Grinder (D:4)
  A wyvern (D:7)
  A wraith (D:5)
  2 steam dragons (D:6)
  A water moccasin (D:6)
  An orc warrior (D:7)
  2 ice beasts
  A sky beast (D:7)
  A black bear (D:5)
  3 ogres
  A lemure (D:4)
  4 bullfrogs
  4 scorpions
  2 necrophages (D:5)
  A water moccasin zombie (Ossuary)
  8 wights
  A howler monkey (D:5)
  5 hounds
  3 jellies
  4 orc priests
  Crazy Yiuf (D:6)
  Natasha (thrice) (D:4)
  6 iguanas
  2 orc wizards (D:6)
  2 mummies (Ossuary)
  9 adders
  2 shadow imps (D:7)
  3 white imps
  3 ufetubi
  4 adder zombies (Ossuary)
  2 worms (D:4)
  2 dart slugs (D:1)
  18 orcs
  7 endoplasms
  5 giant cockroaches
  5 gnoll zombies (Ossuary)
  8 goblins
  6 hobgoblins
  9 jackals
  7 quokkas
  6 ball pythons
  5 bats
  2 frilled lizards (D:2)
  A hobgoblin zombie (Ossuary)
  5 kobolds
  8 kobold zombies (Ossuary)
  8 orc zombies (Ossuary)
  3 rats
191 creatures vanquished.

Vanquished Creatures (others)
  13 fungi (D:6)
13 creatures vanquished.

Grand Total: 204 creatures vanquished

Notes
Turn   | Place    | Note
-------+----------+-------------------------------------------
     0 | D:1      | H0rd4k the Octopode Transmuter began the quest for the Orb.
     0 | D:1      | Reached XP level 1. HP: 13/13 MP: 3/3
   263 | D:1      | Reached XP level 2. HP: 18/18 MP: 5/5
   599 | D:1      | Got the Secrets of Ice and Imprecation
   856 | D:1      | Reached XP level 3. HP: 19/23 MP: 6/6
  1718 | D:2      | Reached skill level 1 in Stealth
  1971 | D:2      | Identified the +6 falchion of Etonej {vorpal, rCorr Int+5}
  2384 | D:3      | Found a white marble altar of Elyvilon.
  2649 | D:3      | Found a radiant altar of Vehumet.
  2771 | D:3      | Reached skill level 4 in Unarmed Combat
  2771 | D:3      | Reached XP level 4. HP: 28/28 MP: 5/7
  3759 | D:4      | Noticed a lemure
  4092 | D:4      | Noticed Natasha
  4103 | D:4      | Killed Natasha
  4119 | D:4      | Noticed Natasha
  4130 | D:4      | Killed Natasha
  4131 | D:4      | Reached XP level 5. HP: 11/33 MP: 6/8
  4341 | D:4      | Noticed Grinder
  4409 | D:5      | Entered Level 5 of the Dungeon
  4453 | D:5      | Noticed an ogre
  4467 | D:5      | Noticed an ogre
  4676 | D:5      | Reached XP level 6. HP: 34/38 MP: 8/10
  4783 | D:5      | Reached skill level 5 in Unarmed Combat
  4984 | D:5      | Found a hazy altar of Hepliaklqana.
  5481 | D:5      | Noticed a black bear
  5490 | D:5      | Killed a black bear
  5491 | D:5      | Reached XP level 7. HP: 26/44 MP: 9/12
  5791 | D:5      | Found a staircase to the Ecumenical Temple.
  5806 | Temple   | Entered the Ecumenical Temple
  6121 | Temple   | Became a worshipper of Gozag Ym Sagoz the Greedy
  6227 | D:5      | Noticed a wraith
  6285 | D:6      | Noticed a steam dragon
  6920 | D:6      | HP: 1/45 [orc priest/+0 club (3)]
  6924 | D:6      | Reached skill level 5 in Stealth
  6927 | D:6      | Gained mutation: You are weak. (Str -2) [potion of
                  | mutation]
  6927 | D:6      | Gained mutation: You possess an exceptional clarity of
                  | mind. [potion of mutation]
  7306 | D:6      | Reached XP level 8. HP: 25/50 MP: 11/13
  7510 | D:6      | Learned a level 3 spell: Spider Form
  7521 | D:6      | Reached skill level 6 in Unarmed Combat
  8496 | D:5      | Reached skill level 1 in Poison Magic
  8569 | D:4      | Noticed Natasha
  8753 | D:4      | Noticed Pikel
  8913 | D:4      | HP: 1/51 [Grinder (4)]
  8917 | D:4      | Killed Grinder
  8950 | D:4      | Killed Pikel
  8951 | D:4      | Reached skill level 7 in Unarmed Combat
  8951 | D:4      | Reached skill level 5 in Transmutations
  8951 | D:4      | Reached XP level 9. HP: 33/55 MP: 13/16
  9359 | D:4      | HP: 2/55 [ogre/+0 giant club (31)]
  9813 | D:4      | Killed Natasha
 10420 | D:5      | Learned a level 5 spell: Blade Hands
 10477 | D:5      | Reached skill level 5 in Spellcasting
 11329 | D:6      | Reached skill level 8 in Unarmed Combat
 11794 | D:6      | Found a runed translucent door.
 11795 | D:6      | Noticed Crazy Yiuf
 12093 | D:6      | Killed Crazy Yiuf
 12249 | D:7      | Reached XP level 10. HP: 62/62 MP: 14/18
 12353 | D:7      | Found an ancient bone altar of Kikubaaqudgha.
 12403 | D:7      | Found a sand-covered staircase.
 12412 | Ossuary  | Entered an ossuary
 12827 | D:7      | Found Ititife's Book Boutique.
 13111 | D:7      | Found a hide-covered altar of Uskayaw.
 13655 | D:8      | Noticed a deep troll
 13655 | D:8      | Noticed a deep troll
 13657 | D:8      | Noticed a deep troll
 13657 | D:8      | Noticed a deep troll
 13688 | D:8      | Slain by a deep troll

Illustrated notes

Levels and vault maps discovered:
D:1:      reono_arrival_mine, layout_basic
D:2:      layout_loops_ring, serial_aquarium, aquarium_bridge_square
          [aquarium_subvault_balcony, aquarium_subvault_bridge,
          aquarium_subvault_bridge, aquarium_subvault_bridge],
          aquarium_bridge_island_small [aquarium_subvault_small_water,
          aquarium_subvault_bridge, aquarium_subvault_window,
          aquarium_subvault_bridge, aquarium_subvault_balcony],
          aquarium_window_2, aquarium_window_1, aquarium_window_1,
          aquarium_window_corridor_1, aquarium_view_2a
D:3:      layout_loops_corners, nicolae_vehumet_radiance,
          nicolae_elyvilon_temple_path
D:4:      layout_cave_pools, kennysheep_big_empty_room, minmay_surrounded,
          uniq_grinder, uniq_natasha, uniq_pikel
D:5:      minmay_chambers_of_fours, layout_basic, general_overflow_altar,
          temple_green, saegor_snake_ambush
D:6:      kennysheep_steamy, layout_gridville, uniq_crazy_yiuf_cottage
D:7:      layout_rooms, lemuel_coloured_pillars_altar, kiku_gazebo_pond_becter,
          lightli_ossuary_entry_decrepit_ruins, serial_shops,
          kennysheep_mini_moat
D:8:      layout_cave_pools, minmay_tree_intersection,
          hangedman_decor_slide_cut, hellmonk_guarded_unrand_vitality_bloodlust
Temple:   regret_index_temple_sphere_string

Skill      XL: |  1  2  3  4  5  6  7  8  9 10 |
---------------+-------------------------------+-----
Stealth        | 1 2 3 5 6 7 |  7.1
Unarmed Combat | 4 5 7 8 |  8.9
Spellcasting   | 3 4 5 6 |  6.1
Dodging        | 3 4 |  4.9
Transmutations | 3 5 6 |  6.4
Fighting       | 2 3 |  3.0
Poison Magic   | 3 4 |  4.1

Action                   |  1- 3 |  4- 6 |  7- 9 | 10-12 || total
-------------------------+-------+-------+-------+-------++-------
Melee: Unarmed           |    89 |   100 |   271 |   134 ||   594
       Constrict         |    22 |    14 |    36 |    26 ||    98
       Tentacles         |    16 |    20 |    43 |    16 ||    95
       Punch             |     5 |     4 |    14 |     8 ||    31
       Kick              |       |    22 |    56 |       ||    78
 Cast: Beastly Appendage |     1 |    15 |    19 |       ||    35
       Spider Form       |       |       |    16 |     4 ||    20
       Blade Hands       |       |       |     1 |     8 ||     9
  Use: Potion            |       |       |    11 |     1 ||    12
       Scroll            |       |       |    10 |       ||    10
 Stab: Sleeping          |     9 |     4 |    16 |       ||    29
       Distracted        |       |       |     1 |     1 ||     2
Armor: Skin              |     6 |     1 |    10 |     6 ||    23
Dodge: Dodged            |    53 |    64 |   179 |    70 ||   366
